 Dungeon Crawl Stone Soup version 0.18-a0-1354-gbc5753f (webtiles) character file.

66 namelastname112 the Skirmisher (level 4, 0/41 HPs)
             Began as a Hill Orc Monk on Feb 19, 2016.
             Slain by a river rat (10 damage)
             ... summoned by Armakuni's ghost
             ... in a sewer.
             The game lasted 00:03:16 (2189 turns).

namelastname112 the Skirmisher (Hill Orc Monk)      Turns: 2189, Time: 00:03:21

Health: 0/41       AC:  6    Str: 11 (14) XL:     4   Next: 15%
Magic:  4/4        EV: 12    Int: 14 (15) God:
Gold:   90         SH:  0    Dex:  7 (10) Spells: 0 memorised, 3 levels left

rFire  . . .     SeeInvis .       - Unarmed
rCold  . . .     Gourm    .     a - +0 robe
rNeg   . . .     Faith    .     (no shield)
rPois  .         Spirit   .     (no helmet)
rElec  .         Dismiss  +     (no cloak)
rCorr  .         Reflect  .     (no gloves)
SustAt .         Harm     .     (no boots)
MR     .....                    t - amulet of dismissal
Stlth  +.........               (no ring)
                                (no ring)

@: brilliant, flying, not resistant to hostile enchantments, very unstealthy
A: rough black scales 1, clumsy 1, subdued magic 1
a: no special abilities


You were in a sewer.
You were very hungry.

You visited 1 branch of the dungeon, and saw 3 of its levels.
You also visited: Sewer.

You collected 90 gold pieces.

Inventory:

Armour
 a - a +0 robe (worn)
Jewellery
 t - an amulet of dismissal (around neck)
Scrolls
 h - 2 scrolls of remove curse {unknown}
 i - a scroll of noise {unknown}
 k - a scroll of identify {unknown}
 l - a scroll of teleportation {unknown}
 m - a scroll of enchant armour {unknown}
 q - a scroll of immolation {unknown}
Potions
 c - 3 potions of degeneration
 g - 2 potions of curing {unknown}
 j - a potion of might {unknown}
 n - a potion of cancellation {unknown}
Comestibles
 b - a bread ration
 f - a slice of pizza
 o - 2 meat rations
 s - 4 fruits


   Skills:
 + Level 4.6 Fighting
 + Level 2.3 Armour
 + Level 2.8 Dodging
 - Level 1.5 Stealth
 - Level 4.3 Unarmed Combat


You had 3 spell levels left.
You didn't know any spells.

Dungeon Overview and Level Annotations

Branches:
Dungeon (3/15)

Altars:

Annotations:
Sewer Armakuni's ghost, amateur MfSu


Innate Abilities, Weirdness & Mutations

You are partially covered in rough black scales (AC +4, Dex -1).
You are clumsy. (Dex -2)
Your spells are a little easier to cast, but a little less powerful.


Message History

It was a potion of brilliance.
You feel clever all of a sudden. The bat barely misses you. x2
The river rat twitches its whiskers.
The giant gecko barely misses you.
Drink which item? (? for menu, Esc to quit)
It was a potion of flight.
You feel very buoyant.
You fly up into the air.
The bat hits you but does no damage. The giant gecko completely misses you.
The bat closely misses you. The giant gecko bites you.
* * * LOW HITPOINT WARNING * * *
Drink which item? (? for menu, Esc to quit)
It was a potion of mutation.
You feel extremely strange.
Rough black scales grow over part of your body.
You feel clumsy.
Your connection to magic feels subdued.
The bat hits you.
* * * LOW HITPOINT WARNING * * *
The bat closely misses you. The river rat bites you!
You die...

#...##
##....##
#∩.....#
#......#
#.∩r..#
#.wW.##
##rS##
#.l##
#lb@#
#.r##
#.≈≈#
#≈≈.#
#≈≈≈#
≈≈≈≈s
≈≈≈≈≈≈
≈≈≈≈≈≈


You could see a worm, Armakuni's ghost, a river rat, 2 giant geckos, 2 quokkas,
a bat and a ball python.

Vanquished Creatures
  An adder (D:2)
  3 giant geckos (D:3)
  8 bats
  6 giant cockroaches
  5 goblins
  7 hobgoblins
  A quokka (D:3)
  A ball python (D:2)
  2 giant newts
  12 kobolds
  3 rats
49 creatures vanquished.

Notes
Turn   | Place    | Note
--------------------------------------------------------------
     0 | D:1      | namelastname112 the Hill Orc Monk began the quest for the Orb.
     0 | D:1      | Reached XP level 1. HP: 19/19 MP: 1/1
   259 | D:1      | Reached skill level 1 in Armour
   261 | D:1      | Reached XP level 2. HP: 17/27 MP: 2/2
  1030 | D:1      | Reached XP level 3. HP: 33/33 MP: 3/3
  2071 | D:3      | Reached XP level 4. HP: 39/41 MP: 4/4
  2158 | D:3      | Found a glowing drain.
  2177 | Sewer    | Entered a sewer
  2177 | Sewer    | Noticed Armakuni's ghost (amateur MfSu)
  2189 | Sewer    | Gained mutation: You are partially covered in rough black scales (AC +4, Dex -1). [potion of mutation]
  2189 | Sewer    | Gained mutation: You are clumsy. (Dex -2) [potion of mutation]
  2189 | Sewer    | Gained mutation: Your spells are a little easier to cast, but a little less powerful. [potion of mutation]
  2189 | Sewer    | Slain by a river rat

Vault maps used:
D:1:      onia_arrival_pentagram
D:2:      minmay_bad_closet
D:3:      portal_sewer_entry_f, dk_noncrumbling_2, makhleb_heckhound_becter
Sewer:    sewer_fruit_machine

Action                   |  1- 3 |  4- 6 || total
-------------------------+-------+-------++-------
Melee: Unarmed           |   157 |    19 ||   176
  Use: Potion            |       |     4 ||     4
 Stab: Sleeping          |     6 |       ||     6
  Eat: Chunk             |     3 |       ||     3
